Map: New Repugnancy LE

Players

TiPtOP - Winner!

  • Race: Terran Terran
  • League: Silver
  • Spawn Location: 1:00

NAKA

  • Race: Zerg Zerg
  • Spawn Location: 7:00

VOD

Have the link to the VOD?

Description

Time

  • Played on: Aug. 17, 2019, 11:29 p.m.
  • Length: 16:25
Show
View Real Time Build Order
Export as new Build Order

TiPtOP Terran - Winner!

Build Orders: 2 Factory, Mech 

Get SALT Encoding   

  12  0:00  SCV  
  13  0:13  SCV  
  14  0:20  Supply Depot  
  14  0:25  SCV  
  15  0:41  SCV  
  16  0:44  Barracks  
  16  0:49  Refinery  
  16  0:54  SCV  
  17  1:06  SCV  
  18  1:18  SCV  
  19  1:31  Command Center  
  19  1:33  Marine  
  20  1:42  Orbital Command  
  20  2:05  Supply Depot  
  21  2:08  SCV  
  21  2:16  Factory  
  20  2:23  Barracks Tech Lab  
  20  2:25  SCV  
  21  2:38  Supply Depot  
  21  2:40  SCV  
  22  3:00  SCV  
  22  3:02  Factory  
  23  3:09  Supply Depot  
  23  3:13  SCV  
  24  3:21  Orbital Command  
  24  3:25  SCV  
  25  3:37  Refinery, SCV  
  25  3:40  Siege Tank  
  29  3:42  Supply Depot  
  29  3:49  SCV  
  30  4:04  SCV  
  30  4:05  Factory Reactor  
  30  4:08  SCV  
  32  4:16  SCV  
  33  4:21  Supply Depot  
  33  4:24  Siege Tank  
  36  4:34  SCV  
  36  4:35  SCV  
  38  4:41  Command Center  
  38  4:47  SCV x2  
  38  4:52  Hellion x2  
  44  4:59  SCV x2  
  46  5:01  Armory  
  46  5:06  Engineering Bay  
  46  5:09  Siege Tank  
  46  5:11  SCV  
  50  5:14  SCV  
  51  5:23  SCV  
  51  5:26  SCV  
  53  5:35  SCV  
  54  5:38  SCV  
  54  5:39  Factory x2  
  55  5:47  SCV  
  56  5:50  SCV  
  57  6:02  SCV  
  57  6:03  Refinery  
  59  6:08  SCV  
  59  6:11  Orbital Command  
  59  6:14  SCV  
  59  6:16  Hellion x2, Siege Tank  
  67  6:19  Terran Vehicle Weapons Level 1  
  67  6:32  Refinery  
  67  6:48  Factory Tech Lab  
  67  6:49  Factory Tech Lab  
  67  7:01  Missile Turret  
  67  7:10  SCV  
  68  7:20  Thor x2  
  68  7:21  Hellion x2  
  68  7:22  Hellion, SCV  
  87  7:30  Orbital Command  
  87  7:33  Missile Turret  
  89  7:51  Hellion x2  
  91  8:05  Supply Depot x2  
  91  8:08  Supply Depot x2  
  91  8:26  Hellion x2, Thor  
  91  8:27  Thor  
  101  8:29  Missile Turret, Thor  
  113  8:43  Refinery  
  113  8:44  Command Center  
  113  8:47  Hellion  
  113  8:48  Hellion  
  117  8:50  Refinery  
  116  9:09  Thor x2  
  123  9:20  Orbital Command  
  123  9:21  Hellion  
  125  9:32  Supply Depot x2  
  125  9:35  Supply Depot x2  
  125  9:36  Supply Depot  
  125  9:38  Supply Depot  
  125  9:54  Hellion x2  
  129  10:14  Thor  
  129  10:21  Orbital Command  
  135  10:31  SCV  
  136  10:36  Hellion x3, Thor  
  136  10:39  Terran Vehicle And Ship Armor Level 1  
  148  10:43  SCV  
  149  10:54  Armory  
  149  10:56  SCV  
  150  10:57  Thor x2  
  162  11:05  Hellion  
  162  11:06  Hellion  
  166  11:13  Orbital Command, Supply Depot  
  166  11:19  Thor  
  166  11:24  Drilling Claws  
  172  11:26  Infernal Pre-Igniter  
  172  11:27  Hellion x2  
  176  11:36  Supply Depot  
  176  11:40  Thor x2  
  188  11:48  Hellion  
  190  12:02  Thor  
  190  12:06  SCV  
  197  12:10  Refinery  
  197  12:12  Missile Turret  
  197  12:13  Refinery  
  197  12:14  Hellion  
  199  12:18  Terran Vehicle Weapons Level 2, SCV  
  200  12:28  Hellion  
  199  12:30  SCV  
  195  13:02  Hellion  
  195  13:03  Orbital Command  
  195  13:11  Hellion  
  191  13:40  Thor  
  197  13:42  Hellbat  
  197  13:46  Terran Vehicle And Ship Armor Level 2  
  199  13:50  Smart Servos  
  195  14:09  Thor x2  
  195  14:10  Hellion x2  
  174  14:17  Orbital Command  
  148  14:25  Hellion  
  138  14:32  Hellion x2  
  142  14:46  Hellion  
  146  14:52  Hellion  
  146  15:03  Hellion x3  
  152  15:07  Thor  
  152  15:13  Thor  
  164  15:14  Factory  
  164  15:16  Factory  
  164  15:18  Factory x2  
  164  15:20  Factory  
  164  15:24  Thor  
  170  15:30  SCV  
  170  15:31  Refinery  
  170  15:32  SCV x2  
  173  15:36  Refinery  
  173  15:42  SCV  
  174  15:44  SCV x2  
  176  15:54  SCV  
Show
View Real Time Build Order
Export as new Build Order

NAKA Zerg 

Build Orders: Pool First, Brood Lord Corruptor, Roach Hydra 

Get SALT Encoding   

  12  0:01  Drone  
  13  0:10  Drone  
  14  0:19  Overlord  
  14  0:35  Spawning Pool  
  13  0:37  Drone  
  13  0:41  Drone  
  15  0:46  Drone  
  16  1:09  Hatchery  
  15  1:12  Extractor  
  15  1:13  Drone  
  15  1:16  Drone  
  16  1:27  Queen  
  16  1:30  Zergling x2  
  19  1:43  Roach Warren  
  19  1:45  Drone  
  19  2:00  Drone x3  
  22  2:15  Overlord  
  22  2:23  Lair  
  22  2:28  Roach  
  24  2:30  Drone  
  25  2:37  Queen  
  27  2:46  Drone x2  
  29  2:59  Drone x4  
  29  3:01  Roach  
  35  3:07  Drone  
  35  3:12  Spine Crawler  
  35  3:20  Spore Crawler  
  35  3:21  Drone x2  
  36  3:30  Overlord  
  36  3:34  Drone, Spore Crawler  
  35  3:38  Glial Reconstitution  
  35  3:40  Overseer  
  36  3:51  Roach  
  38  3:56  Drone x5, Extractor  
  42  4:08  Drone x2  
  44  4:26  Overlord x3  
  44  4:33  Metabolic Boost  
  44  4:40  Hatchery  
  44  4:41  Drone x2, Extractor  
  44  4:46  Zergling x2  
  44  4:51  Hydralisk Den  
  44  4:53  Drone x4  
  48  5:01  Drone x3  
  51  5:13  Drone  
  51  5:14  Drone x5  
  55  5:20  Muscular Augments  
  57  5:24  Drone x2  
  57  5:27  Hydralisk x3, Extractor  
  64  5:28  Zergling x2  
  64  5:33  Baneling Nest  
  64  5:52  Hydralisk  
  64  5:53  Zergling x6  
  64  5:54  Zergling x8  
  73  5:59  Evolution Chamber  
  73  6:03  Infestation Pit, Drone x3  
  74  6:12  Overlord x3  
  74  6:20  Overlord x2  
  74  6:25  Zerg Missile Weapons Level 1  
  74  6:31  Drone x2  
  76  6:33  Spire  
  76  6:34  Zergling x6  
  76  6:35  Zergling x2  
  76  6:39  Roach x2  
  87  6:47  Roach x3  
  87  6:49  Roach  
  91  6:55  Queen  
  91  6:57  Drone, Spine Crawler  
  91  6:59  Drone  
  91  7:00  Drone  
  95  7:07  Hive  
  95  7:12  Spore Crawler  
  95  7:13  Drone x2  
  95  7:14  Roach  
  99  7:22  Drone  
  99  7:29  Zergling x2  
  100  7:39  Roach  
  100  7:42  Grooved Spines, Centrifical Hooks  
  102  7:46  Zerg Flyer Weapons Level 1  
  102  7:52  Evolution Chamber  
  102  7:55  Roach x2  
  102  7:56  Corruptor  
  102  7:57  Corruptor x2  
  111  8:00  Hydralisk  
  111  8:02  Baneling  
  113  8:11  Zergling x2  
  113  8:17  Overlord x5, Hatchery, Extractor  
  113  8:18  Overlord  
  111  8:22  Zerg Melee Weapons Level 1  
  111  8:26  Zerg Ground Armor Level 1  
  111  8:38  Baneling x4  
  104  9:11  Hydralisk x5  
  104  9:17  Drone x3  
  104  9:18  Drone x7  
  114  9:31  Spore Crawler  
  114  9:32  Pneumatized Carapace  
  114  9:33  Adrenal Glands  
  114  9:37  Drone x2  
  115  9:40  Drone x5  
  120  9:48  Drone, Queen  
  120  9:51  Drone x2, Spine Crawler  
  120  9:52  Drone x2  
  126  9:56  Zergling x2  
  127  10:01  Greater Spire  
  127  10:04  Hydralisk, Burrow  
  127  10:05  Hydralisk x4  
  137  10:14  Zergling x14  
  144  10:26  Extractor  
  143  10:38  Corruptor x4  
  143  10:41  Drone x2  
  153  10:45  Spine Crawler  
  153  10:47  Spore Crawler  
  151  10:50  Zergling x10  
  151  10:51  Zergling x10  
  151  10:52  Baneling x3  
  161  11:07  Zergling x10  
  161  11:08  Overlord x2, Zergling x2  
  161  11:09  Overlord  
  167  11:12  Overlord x3  
  167  11:13  Overlord  
  167  11:14  Zerg Missile Weapons Level 2  
  167  11:18  Overlord x2  
  167  11:31  Brood Lord x3  
  173  11:38  Corruptor x2  
  177  11:41  Hatchery  
  177  11:46  Spore Crawler  
  175  11:49  Extractor  
  175  11:51  Drone x3, Extractor  
  176  11:56  Drone x2  
  176  11:57  Drone x2  
  180  12:15  Brood Lord  
  180  12:16  Brood Lord x2  
  180  12:20  Overseer x3  
  186  12:25  Zergling x2  
  186  12:26  Zergling x4  
  191  12:37  Zergling x14  
  185  13:19  Corruptor x3  
  185  13:20  Corruptor x4  
  199  13:44  Overlord x8  
  159  14:19  Zergling x8  
  139  14:24  Zergling x2  
  139  14:25  Zergling x6  
  139  14:29  Roach x3  
  139  14:30  Roach x2  
  139  14:36  Brood Lord x5  
  139  14:37  Brood Lord x4  
  157  14:42  Drone x3  
  160  14:51  Ultralisk Cavern  
  159  14:56  Brood Lord  
  161  15:05  Hydralisk x3  
  161  15:06  Hydralisk  
  169  15:12  Hydralisk x2  
  173  15:21  Drone x7  
  180  15:35  Corruptor x3  
  180  15:37  Zergling x4, Hatchery  
  180  15:38  Zergling x14  
  180  15:40  Zergling x2  
  180  15:41  Zergling x6  
Tags
 
Add a new tag
Caveats
  • Supply blocks, unpowered buildings, or Contaminate may cause inaccurate times.
  • Supply counts are checked every 10 seconds.